 Dungeon Crawl Stone Soup version 0.17.1-3-g152610e (webtiles) character file.

3457 moxian the Thaumaturge (level 9, -1/50 HPs)
             Began as a Deep Elf Conjurer on Apr 23, 2016.
             Was a Follower of Vehumet.
             Slain by ReniFell's ghost (5 damage)
             ... on level 8 of the Dungeon.
             The game lasted 00:44:16 (8702 turns).

moxian the Thaumaturge (Deep Elf Conjurer)          Turns: 8702, Time: 00:44:17

Health: -1/50      AC:  5    Str:  7    XL:     9   Next: 78%
Magic:  20/23      EV: 10    Int: 24    God:    Vehumet [*.....]
Gold:   382        SH:  0    Dex: 15    Spells: 6 memorised, 8 levels left

rFire  . . .     SeeInvis .     a - +9 dagger of Kastruno {pierce, Str+2}
rCold  + . .     Clarity  .     i - +2 robe {rC+}
rNeg   + . .     SustAt   .     (no shield)
rPois  .         Gourm    +     (no helmet)
rElec  .         Spirit   .     (no cloak)
rCorr  .         Warding  .     l - +0 pair of gloves
rMut   .         Stasis   .     (no boots)
MR     .....                    v - amulet of the gourmand
Stlth  +++.......               (no ring)
                                q - ring of positive energy

@: not resistant to hostile enchantments, fairly stealthy
A: no striking features
a: Renounce Religion


You were on level 8 of the Dungeon.
You worshipped Vehumet.
Vehumet was aware of your devotion.
You were completely stuffed.

You visited 2 branches of the dungeon, and saw 9 of its levels.
You also visited: Sewer.

You collected 382 gold pieces.

Inventory:

Hand Weapons
 a - the +9 dagger of Kastruno (weapon) {pierce, Str+2}
   (You found it on level 1 of the Dungeon)

   It inflicts extra damage upon your enemies.
   It affects your strength (+2).
 b - a +0 hunting sling
 y - a +1 short sword of venom
 F - a +0 short sword of electrocution
 N - a +0 quarterstaff of protection
Missiles
 g - 8 tomahawks (quivered)
 h - 120 stones
 j - 118 arrows
 o - 15 poisoned sling bullets
 s - a throwing net
 t - 84 bolts
 x - 42 sling bullets
 B - 24 poisoned needles
Armour
 i - a +2 robe of cold resistance (worn)
 l - a +0 pair of gloves (worn)
Jewellery
 q - a ring of positive energy (left hand)
 v - an amulet of the gourmand (around neck)
 D - an uncursed amulet of resist mutation
 H - an uncursed amulet of warding {unknown}
Wands
 A - a wand of draining (5)
 C - a wand of polymorph (11)
Scrolls
 k - 5 scrolls of teleportation
 m - a scroll of recharging
 n - 2 scrolls of blinking
 w - 2 scrolls of remove curse
 I - 2 scrolls of identify
 J - a scroll of amnesia
 K - a scroll of magic mapping
 L - 2 scrolls of enchant weapon {unknown}
Potions
 d - a potion of brilliance
 e - 3 potions of curing
 u - a potion of might
 E - a potion of haste
 G - 3 potions of heal wounds
Books
 p - a book of Conjurations

   Spells                             Type                      Level
   a - Magic Dart                     Conjuration                  1
   b - Searing Ray                    Conjuration                  2
   c - Dazzling Spray                 Conjuration/Hexes            3
   d - Fulminant Prism                Conjuration/Hexes            4
   e - Iskenderun's Mystic Blast      Conjuration                  4
   f - Iskenderun's Battlesphere      Conjuration/Charms           5
Comestibles
 c - 6 bread rations
 f - 3 royal jellies
 r - 2 fruits
 z - a beef jerky
 M - 4 chunks of flesh


   Skills:
 + Level 3.1 Fighting
 + Level 4.6 Short Blades
 + Level 6.1 Dodging
 + Level 6.3 Stealth
 * Level 8.8 Spellcasting
 * Level 8.3 Conjurations
 - Level 6.0 Hexes
 * Level 2.0 Charms
 + Level 1.8 Evocations


You had 8 spell levels left.
You knew the following spells:

 Your Spells              Type           Power        Failure   Level  Hunger
a - Magic Dart            Conj           ####         1%          1    None
b - Searing Ray           Conj           ######       1%          2    None
c - Iskenderun's Mystic   Conj           ######..     1%          4    ##.....
d - Dazzling Spray        Conj/Hex       #####...     1%          3    None
e - Iskenderun's Battles  Conj/Chrm      #####...     24%         5    ####...
f - Throw Frost           Conj/Ice       ####..       1%          2    None


Dungeon Overview and Level Annotations

Branches:
Dungeon (8/15)             Temple (1/1) D:5
   Lair: D:8-11

Altars:
Ashenzari
Cheibriados
Dithmenos
Elyvilon
Fedhas
Gozag
Kikubaaqudgha
Makhleb
Nemelex Xobeh
Okawaru
Qazlal
Ru
Sif Muna
Trog
Vehumet
Xom
Yredelemnul
Zin
The Shining One

Annotations:
D:8 ReniFell's ghost, novice MiFi


Message History

This raw flesh tastes great.
You continue eating. x2
Magic restored.
You start resting.
HP restored.
You climb downwards.
Level annotation: ReniFell's ghost, novice MiFi ReniFell's ghost hits you.
You are electrocuted!
There is a stone staircase leading up here.
Casting: Dazzling Spray
Confirm with . or Enter, or press ? or * to list all spells.
Aiming: Dazzling Spray
Press: ? - help, Shift-Dir - straight line, f - ReniFell's ghost
Aim: ReniFell's ghost, wielding a weapon of electrocution The spray of energy hits ReniFell's ghost.
ReniFell's ghost is lightly damaged.
ReniFell's ghost hits you!
You are electrocuted!
* * * LOW HITPOINT WARNING * * *
ReniFell's ghost hits you.
You die...

#..####...#
#.........#
#.........#
#.........#
#..######.#
#..##### ##
#......#
#......#
#.@W...#
#####.....
..... ....
.... ###


You could see ReniFell's ghost.

Vanquished Creatures
  The ghost of ThereIsNoGod the Sneak, an amateur SpEn of Dithmenos (D:4)
  A hippogriff (D:8)
  A water moccasin (D:6)
  Edmund (D:5)
  An ice beast (D:5)
  Purgy (Sewer)
  2 black bears (D:6)
  3 ogres
  4 orc warriors
  A sky beast (D:7)
  A centaur (D:8)
  2 giant frogs
  A wyvern zombie (D:7)
  A water moccasin zombie (D:6)
  4 scorpions
  A vampire bat (D:3)
  2 crimson imps
  A wasp zombie (D:6)
  A centaur zombie (D:5)
  A giant frog zombie (D:5)
  2 giant frog skeletons
  5 hounds
  A jelly (D:5)
  3 centaur skeletons
  An iguana (D:8)
  7 orc wizards
  6 orc priests
  7 worker ants
  A hound skeleton (D:6)
  4 gnolls (D:3)
  11 adders
  A river rat (D:5)
  A shadow imp (D:5)
  An ooze (D:1)
  An adder skeleton (D:5)
  3 worms
  4 giant geckos
  20 orcs
  12 bats
  3 bat skeletons (D:3)
  A bat zombie (D:3)
  8 giant cockroaches
  11 goblins
  3 hobgoblins
  11 jackals
  4 quokkas
  3 ball pythons
  9 giant newts
  3 jackal skeletons
  12 kobolds
  9 rats
199 creatures vanquished.

Notes
Turn   | Place    | Note
--------------------------------------------------------------
     0 | D:1      | moxian the Deep Elf Conjurer began the quest for the Orb.
     0 | D:1      | Reached XP level 1. HP: 10/10 MP: 6/6
    27 | D:1      | Got a smoking dagger
    28 | D:1      | Identified the +9 dagger of Kastruno {pierce, Str+2} (You found it on level 1 of the Dungeon)
   172 | D:1      | Reached XP level 2. HP: 15/15 MP: 2/8
   250 | D:1      | Reached skill level 1 in Short Blades
   502 | D:1      | Learned a level 2 spell: Searing Ray
   823 | D:2      | Found a bloodstained altar of Trog.
   827 | D:2      | Reached XP level 3. HP: 19/19 MP: 4/9
  1239 | D:2      | Found a faded altar to an unknown god.
  1453 | D:2      | Reached XP level 4. HP: 24/24 MP: 1/11
  1462 | D:2      | Learned a level 4 spell: Iskenderun's Mystic Blast
  2212 | D:3      | Found an ancient bone altar of Kikubaaqudgha.
  2213 | D:3      | Reached skill level 5 in Conjurations
  2213 | D:3      | Reached XP level 5. HP: 28/28 MP: 14/14
  2569 | D:3      | Reached skill level 5 in Spellcasting
  2587 | D:3      | Learned a level 3 spell: Dazzling Spray
  3092 | D:4      | Reached XP level 6. HP: 27/32 MP: 0/16
  3329 | D:4      | Reached skill level 1 in Hexes
  3362 | D:4      | Noticed ThereIsNoGod's ghost (amateur SpEn)
  3474 | D:4      | Killed ThereIsNoGod's ghost
  3474 | D:4      | Reached XP level 7. HP: 19/37 MP: 0/17
  3630 | D:4      | Reached skill level 1 in Fighting
  3813 | D:4      | Noticed a phantom
  3826 | D:5      | Entered Level 5 of the Dungeon
  3838 | D:5      | Reached skill level 6 in Spellcasting
  4035 | D:5      | Found a glowing drain.
  4072 | Sewer    | Entered a sewer
  4177 | Sewer    | Noticed Purgy
  4184 | Sewer    | Killed Purgy
  4553 | D:5      | Reached XP level 8. HP: 38/44 MP: 19/19
  4673 | D:5      | Noticed Edmund
  4715 | D:5      | Killed Edmund
  4715 | D:5      | Reached skill level 5 in Dodging
  4860 | D:5      | Found a staircase to the Ecumenical Temple.
  4887 | Temple   | Entered the Ecumenical Temple
  4977 | Temple   | Became a worshipper of Vehumet
  5123 | D:5      | Reached skill level 5 in Stealth
  5123 | D:5      | Reached skill level 7 in Spellcasting
  5189 | D:5      | Got a spiked scale mail
  5200 | D:5      | Identified the +4 scale mail "Waosue" {Int+5 Slay-3 SInv} (You found it on level 5 of the Dungeon)
  5659 | D:6      | Reached skill level 5 in Hexes
  5703 | D:6      | Reached * piety under Vehumet
  5703 | D:6      | Offered knowledge of Freeze by Vehumet.
  6312 | D:6      | Reached XP level 9. HP: 47/49 MP: 22/22
  6660 | D:5      | Reached skill level 8 in Spellcasting
  8071 | D:7      | Learned a level 5 spell: Iskenderun's Battlesphere
  8094 | D:7      | Reached ** piety under Vehumet
  8094 | D:7      | Offered knowledge of Throw Frost by Vehumet.
  8094 | D:7      | Reached skill level 1 in Evocations
  8098 | D:7      | Learned a level 2 spell: Throw Frost
  8439 | D:8      | Reached skill level 1 in Charms
  8516 | D:8      | Noticed ReniFell's ghost (novice MiFi)
  8702 | D:8      | Slain by ReniFell's ghost

Action                   |  1- 3 |  4- 6 |  7- 9 || total
-------------------------+-------+-------+-------++-------
Melee: Dagger            |    27 |    23 |   196 ||   246
 Cast: Magic Dart        |    70 |    63 |   105 ||   238
       Searing Ray       |       |    24 |    28 ||    52
       Iskenderun's Myst |       |     7 |    34 ||    41
       Dazzling Spray    |       |     6 |    35 ||    41
Evoke: Wand              |       |       |     2 ||     2
  Use: Scroll            |       |     2 |    11 ||    13
       Potion            |       |     1 |     8 ||     9
 Stab: Sleeping          |     5 |       |     5 ||    10
       Invisible         |       |       |     4 ||     4
  Eat: Chunk             |     2 |     7 |    33 ||    42
